 Dungeon Crawl Stone Soup version 0.15.1-3-g1b33baa (webtiles) character file.

445 CrazyArbalest the Vandal (level 7, -4/41 HPs)
             Began as a Halfling Fighter on Oct 8, 2014.
             Was a Follower of Makhleb.
             Slain by a worker ant (5 damage)
             ... on Level 4 of the Dungeon.
             The game lasted 00:20:10 (3813 turns).

CrazyArbalest the Vandal (Halfling Fighter)         Turns: 3813, Time: 00:20:10

HP  -4/41        AC  7     Str 12 (16) XL: 7   Next: 23%
MP   7/7         EV 14     Int  7      God: Makhleb [*.....]
Gold 221         SH  0     Dex 21      Spells:  0 memorised,  6 levels left

rFire  . . .     SeeInvis .     b - +0 hunting sling
rCold  . . .     Clarity  .     v - +0 scale mail
rNeg   . . .     rCorr    .     c - +0 buckler
rPois  .         rRot     .     (no helmet)
rElec  .         Spirit   .     (no cloak)
SustAb .         Warding  .     (no gloves)
rMut   .         Stasis   .     (no boots)
Gourm  .                        (no amulet)
MR     .....                    (no ring)
                                (no ring)

@: confused, agile, lethally poisoned, flying, not resistant to hostile
enchantments, extremely unstealthy
A: frail 1, mutation resistance 1
a: Renounce Religion


You were on level 4 of the Dungeon.
You worshipped Makhleb.
Makhleb was aware of your devotion.
You were hungry.

You visited 1 branch of the dungeon, and saw 4 of its levels.

You collected 221 gold pieces.

Inventory:

Hand weapons
 a - a +0 cutlass
 b - a +0 hunting sling (weapon)
 u - a +0 hunting sling
Missiles
 i - 24 stones (quivered)
 p - 37 sling bullets
 r - 8 silver sling bullets
Armour
 c - a +0 buckler (worn)
 v - a +0 scale mail (worn)
Magical devices
 q - a wand of fireball (3)
Comestibles
 d - 2 bread rations
 B - a meat ration
Scrolls
 h - 2 scrolls of enchant armour {unknown}
 l - a scroll of remove curse {unknown}
 m - a scroll of amnesia {unknown}
 o - a scroll of fear {unknown}
 s - 5 scrolls of identify {unknown}
 x - 3 scrolls of teleportation {unknown}
Potions
 e - a potion of might
 A - a potion of beneficial mutation {unknown}
Books
 w - a book of Dreams

   Spells                             Type                      Level
   Ensorcelled Hibernation            Hexes/Ice                    2
   Flight                             Charms/Air                   3
   Phase Shift                        Translocation                5
   Shadow Creatures                   Summoning                    5
   Mass Confusion                     Hexes                        6
   Darkness                           Hexes                        7


   Skills:
 + Level 3.1 Fighting
 + Level 4.0 Short Blades
 * Level 6.3 Slings
 + Level 4.4 Armour
 + Level 2.4 Dodging
 + Level 4.2 Shields


You had 6 spell levels left.
You didn't know any spells.

Dungeon Overview and Level Annotations

Branches:
Dungeon (4/15)             Temple (0/1) D:4

Altars:
Makhleb

Annotations:
D:2 Sigmund
D:3 Grinder
D:4 Edmund


Innate Abilities, Weirdness & Mutations

You are small and have problems with some larger weapons.
You are somewhat resistant to further mutation.
You are frail (-10% HP).


Message History

Drink which item? (? for menu, Esc to quit)
There was something very wrong with that liquid!
You feel weakened.
It was a potion of degeneration.
* * * LOW HITPOINT WARNING * * *
You feel sick. The worker ant bites you.
* * * LOW HITPOINT WARNING * * *
You are more poisoned.
The worker ant poisons you!
Drink which item? (? for menu, Esc to quit)
You feel agile all of a sudden.
It was a potion of agility.
* * * LOW HITPOINT WARNING * * *
You feel sick. You block the worker ant's attack.
Drink which item? (? for menu, Esc to quit)
You are confused.
It was a potion of confusion.
* * * LOW HITPOINT WARNING * * *
You feel sick. The worker ant bites you.
You die...

########.#
#(.(a@...#
####.#########
#...>..........
#.##.#s.((.#.#
##.<.....#..#
#.....##......#
#.....# .#....#
#.....# .#..#.#
#.....# .# .#


You could see a worker ant.

Vanquished Creatures
  Eustachio (D:4)
  2 scorpions (D:4)
  A worker ant (D:4)
  Jessica (D:3)
  Terence (D:3)
  4 gnolls (D:3)
  3 adders
  A worm (D:3)
  A giant mite (D:3)
  2 ufetubi (D:4)
  An iguana skeleton (D:4)
  7 giant geckos
  An ooze (D:2)
  2 orcs (D:3)
  5 goblins
  9 hobgoblins
  2 quokkas (D:4)
  A ball python (D:2)
  12 bats
  2 giant newts
  9 jackals
  3 kobolds
  9 rats
80 creatures vanquished.

Vanquished Creatures (others)
  4 toadstools (D:1)
4 creatures vanquished.

Grand Total: 84 creatures vanquished

Notes
Turn   | Place    | Note
--------------------------------------------------------------
     0 | D:1      | CrazyArbalest, the Halfling Fighter, began the quest for the Orb.
     0 | D:1      | Reached XP level 1. HP: 15/15 MP: 1/1
   131 | D:1      | Reached XP level 2. HP: 18/20 MP: 2/2
   715 | D:2      | Reached XP level 3. HP: 21/25 MP: 3/3
   778 | D:2      | Reached skill level 1 in Dodging
   949 | D:2      | Noticed Sigmund
  1613 | D:3      | Reached XP level 4. HP: 21/31 MP: 4/4
  1683 | D:3      | Noticed Terence
  1753 | D:3      | Killed Terence
  1899 | D:3      | Reached skill level 1 in Slings
  2075 | D:3      | Noticed Grinder
  2091 | D:3      | Paralysed by Grinder for 5 turns
  2449 | D:3      | Found a burning altar of Makhleb.
  2453 | D:3      | Became a worshipper of Makhleb the Destroyer
  2474 | D:3      | Noticed Jessica
  2485 | D:3      | Killed Jessica
  2485 | D:3      | Reached skill level 4 in Shields
  2485 | D:3      | Reached XP level 5. HP: 29/36 MP: 5/5
  3305 | D:4      | Reached XP level 6. HP: 30/42 MP: 6/6
  3499 | D:4      | Acquired Makhleb's first power
  3550 | D:4      | Noticed Eustachio
  3600 | D:4      | Killed Eustachio
  3600 | D:4      | Reached skill level 5 in Slings
  3600 | D:4      | Reached XP level 7. HP: 12/46 MP: 7/7
  3640 | D:4      | Found a staircase to the Ecumenical Temple.
  3676 | D:4      | Noticed Edmund
  3783 | D:4      | Reached skill level 6 in Slings
  3809 | D:4      | Gained mutation: You are frail (-10% HP). [potion of mutation]
  3812 | D:4      | HP: 2/41 [poisoned by a worker ant]
  3813 | D:4      | Slain by a worker ant

Action                   |  1- 3 |  4- 6 |  7- 9 || total
-------------------------+-------+-------+-------++-------
Melee: Cutlass           |   151 |   117 |     7 ||   275
 Fire: Hunting sling     |       |   139 |    37 ||   176
Throw: Stone             |       |    22 |       ||    22
Evoke: Wand              |       |     1 |     1 ||     2
  Use: Potion            |       |     1 |     7 ||     8
  Eat: Chunk             |     2 |     5 |       ||     7
       Beef jerky        |       |       |     1 ||     1
